 Dungeon Crawl Stone Soup version 0.19-a0-1508-g2ac1aae (webtiles) character file.

249 Banto the Slasher (level 5, -2/34 HPs)
             Began as a High Elf Skald on Sept 11, 2016.
             Slain by Sigmund
             ... wielding a cursed -3 scythe
              (12 damage)
             ... on level 4 of the Dungeon.
             The game lasted 00:06:13 (3584 turns).

Banto the Slasher (High Elf Skald)                  Turns: 3584, Time: 00:06:14

Health: -2/34      AC:  5    Str: 17    XL:     5   Next: 87%
Magic:  7/9        EV: 19    Int: 16    God:
Gold:   134        SH:  0    Dex: 19    Spells: 3 memorised, 2 levels left

rFire  . . .     SeeInvis .     f - +0 short sword (curse)
rCold  . . .     Gourm    .     b - +0 leather armour
rNeg   + . .     Faith    +     (no shield)
rPois  .         Spirit   .     (no helmet)
rElec  .         Dismiss  .     (no cloak)
rCorr  .         Reflect  .     g - +1 pair of gloves
MR     .....     Harm     .     (no boots)
Stlth  ++........               s - amulet of faith
                                (no ring)
                                t - ring of positive energy

@: mighty, agile
A: no striking features
a: no special abilities


You were on level 4 of the Dungeon.
You were not hungry.

You visited 1 branch of the dungeon, and saw 4 of its levels.

You collected 134 gold pieces.

Inventory:

Hand Weapons
 a - a +1 falchion
 f - a cursed +0 short sword (weapon)
Armour
 b - a +0 leather armour (worn)
 g - a +1 pair of gloves (worn)
Jewellery
 s - an amulet of faith (around neck)
 t - a ring of positive energy (left hand)
Scrolls
 i - a scroll of enchant weapon
 j - 2 scrolls of remove curse
 q - a scroll of magic mapping
 u - 3 scrolls of identify
 x - 2 scrolls of teleportation
Potions
 n - 2 potions of curing
 o - 2 potions of flight
 r - a potion of heal wounds
Books
 c - a book of Battle

   Spells                             Type                      Level
   a - Infusion                       Charms                       1
   b - Shroud of Golubria             Charms/Translocation         2
   c - Song of Slaying                Charms                       2
   d - Spectral Weapon                Hexes/Charms                 3
   e - Regeneration                   Charms/Necromancy            3
Comestibles
 d - 2 bread rations
 h - a chunk of flesh
 k - a royal jelly
 l - 3 fruits


   Skills:
 - Level 2.0 Fighting
 * Level 6.1 Long Blades
 - Level 0.8 Armour
 + Level 3.8 Dodging
 - Level 2.4 Spellcasting
 - Level 3.6 Charms


You had 2 spell levels left.
You knew the following spells:

 Your Spells              Type           Power        Failure   Level  Hunger
a - Infusion              Chrm           ##..         8%          1    #......
b - Song of Slaying       Chrm           ##......     10%         2    ###....
c - Regeneration          Chrm/Necr      #.........   38%         3    ###....


Dungeon Overview and Level Annotations

Branches:
Dungeon (4/15)
 Temple: D:4-7

Altars:
Makhleb

Annotations:
D:4 Sigmund


Message History

You bump into the rock wall.
The ogre barely misses you. Sigmund completely misses you.
You closely miss the ogre. The ogre closely misses you.
Sigmund mumbles some strange words.
Sigmund flickers and vanishes!
Deactivating autopickup; reactivate with Ctrl-A.
You miss something.
You feel less confused. The ogre barely misses you. Something hits you.
You take 4 damage, and have 30/34 hp.
You barely miss something.
You are no longer magically infusing your attacks.
You miss something. The ogre closely misses you. Something hits you.
You take 3 damage, and have 28/34 hp.
You barely miss something. The ogre hits you with a giant club!!
Ouch! That really hurt!
* * * LOW HITPOINT WARNING * * *
You take 18 damage, and have 10/34 hp.
MASSIVE DAMAGE!!
You hit something. Something hits you!
You die...

.#......#.# #.# #.#.#
.+....<.#.#..#.# #.#.#
.#......#.#..#.# #.#.#
..#.......#..#.# #..@#
..#.#######..#.#######
..#'#######(.#......@.
#........#.....#
##.......#.....#######
#........'.....{@O...#
#........#.....#####.#
#........#.....#
#...##...#.....#
#...##...#######
....##...# ....##...#
..).##...# ##########


You could see an ogre.

Vanquished Creatures
  A hound (D:2)
  3 orc wizards
  3 adders (D:2)
  A worm (D:4)
  3 dart slugs
  5 giant geckos
  9 orcs
  9 bats
  7 giant cockroaches
  6 goblins
  5 hobgoblins
  6 jackals
  3 quokkas
  3 giant newts
  16 kobolds
  8 rats
88 creatures vanquished.

Notes
Turn   | Place    | Note
-------+----------+-------------------------------------------
     0 | D:1      | Banto the High Elf Skald began the quest for the Orb.
     0 | D:1      | Reached XP level 1. HP: 14/14 MP: 4/4
   244 | D:1      | Reached XP level 2. HP: 16/19 MP: 6/6
   393 | D:1      | Reached skill level 3 in Long Blades
  1052 | D:2      | Reached XP level 3. HP: 23/24 MP: 7/7
  1242 | D:2      | Found a burning altar of Makhleb.
  1251 | D:2      | Reached skill level 4 in Long Blades
  1425 | D:2      | Reached XP level 4. HP: 25/29 MP: 8/8
  1683 | D:2      | Learned a level 2 spell: Song of Slaying
  1687 | D:2      | Learned a level 3 spell: Regeneration
  2098 | D:3      | Reached skill level 5 in Long Blades
  2461 | D:3      | Reached XP level 5. HP: 34/34 MP: 9/9
  2700 | D:4      | Noticed Sigmund
  2990 | D:4      | Noticed an ogre
  3175 | D:3      | Reached skill level 6 in Long Blades
  3584 | D:4      | Slain by Sigmund

Vault maps used:
D:1:      dpeg_arrival_brainrot
D:2:      st_stairs_7, makhleb_heckhound_becter
D:3:      kennysheep_generic_room_13
D:4:      first_bread, led_sif_pool, uniq_crazy_yiuf_cottage, uniq_sigmund

Skill      XL: |  1  2  3  4  5 |
---------------+----------------+-----
Long Blades    | 3 4 5 6 |  6.1
Dodging        | 2 3 |  3.8
Fighting       | |  2.0
Armour         | |  0.8
Spellcasting   | |  2.4
Charms         | |  3.6

Action                   |  1- 3 |  4- 6 || total
-------------------------+-------+-------++-------
Melee: Falchion          |   116 |   123 ||   239
       Short sword       |       |   120 ||   120
Throw: Throwing net      |     1 |       ||     1
 Cast: Infusion          |     3 |    14 ||    17
       Song of Slaying   |       |     1 ||     1
  Use: Scroll            |     5 |    11 ||    16
       Potion            |       |     2 ||     2
 Stab: Sleeping          |     2 |       ||     2
  Eat: Chunk             |     2 |     7 ||     9
Armor: Leather armour    |    24 |    42 ||    66
Dodge: Dodged            |    66 |   142 ||   208

Table legend:
 A = Turns spent in this place as a percentage of turns spent in the entire game.
 B = Non-inter-level travel turns spent in this place as a percentage of non-inter-level travel turns spent in the entire game.
 C = Inter-level travel turns spent in this place as a percentage of turns spent in this place.
 D = Turns resting spent in this place as a percentage of non-inter-level travel turns spent in this place.
 E = Turns spent auto-exploring this place as a percentage of non-inter-level travel turns spent in this place.
 F = Non-inter-level travel turns spent in this place divided by the number of levels of this place that you've seen.
                   A       B       C       D       E      F
               +-------+-------+-------+-------+-------+----------------------
         Total | 100.0 | 100.0 |   1.1 |   3.4 |  13.3 | 269.8
       Dungeon | 100.0 | 100.0 |   1.1 |   3.4 |  13.3 | 269.8
               +-------+-------+-------+-------+-------+----------------------

Table legend:
 A = Kills in this place as a percentage of kills in entire the game.
 B = Kills by you in this place as a percentage of kills by you in the entire game.
 C = Kills by friends in this place as a percentage of kills by friends in the entire game.
 D = Other kills in this place as a percentage of other kills in the entire game.
 E = Experience gained in this place as a percentage of experience gained in the entire game.
 F = Experience gained in this place divided by the number of levels of this place that you have seen.
                   A       B       C       D       E      F
               +-------+-------+-------+-------+-------+----------------------
         Total | 100.0 | 100.0 |  -nan |  -nan | 100.0 |  89.2
       Dungeon | 100.0 | 100.0 |  -nan |  -nan | 100.0 |  89.2
               +-------+-------+-------+-------+-------+----------------------
